 Dungeon Crawl Stone Soup version 0.29-a0-982-gaed3a0c8d8 (webtiles) character file.

Game seed: 3471231010334791344

1492 Patoropollo the Shield-Bearer (level 8, -8/71 HPs)
             Began as a Minotaur Fighter on Aug 1, 2022.
             Killed by divine providence
             ... invoked by an orc priest
              (14 damage)
             ... on level 6 of the Dungeon.
             The game lasted 00:23:32 (5834 turns).

Patoropollo the Shield-Bearer (Minotaur Fighter)    Turns: 5834, Time: 00:23:32

Health: -8/71      AC: 11    Str: 26    XL:     8   Next: 51%
Magic:  2/2        EV: 11    Int:  7    God:
Gold:   426        SH: 10    Dex:  9    Spells: 7/7 levels left

rFire   . . .      SeeInvis .   r - +7 hammer "Muray" {antimagic, *Rage rN+ Will+ Str+2 Int+2}
rCold   . . .      Faith    .   c - +0 buckler
rNeg    + . .      Spirit   .   b - +0 scale mail
rPois   .          Reflect  +   (helmet restricted)
rElec   .          Harm     .   a - +0 cloak
rCorr   .          Rampage  .   (no gloves)
Will    +....      Rage     20% v - +1 pair of boots
Stlth   ..........              o - amulet of reflection
HPRegen 0.21/turn               (no ring)
MPRegen 0.08/turn               (no ring)

@: on berserk cooldown, slowed, very slow
A: horns 2, retaliatory headbutt
a: no special abilities


You were on level 6 of the Dungeon.
You visited 1 branch of the dungeon, and saw 6 of its levels.
You also visited: Sewer.

You collected 426 gold pieces.

Inventory:

Hand Weapons
 r - the +7 hammer "Muray" (weapon) {antimagic, *Rage rN+ Will+ Str+2 Int+2}
   (You found it on level 3 of the Dungeon)

   It reduces the magical energy of the wielder, and disrupts the spells and
   magical abilities of those it strikes.
   Natural abilities and divine invocations are not affected.
   Str:       It affects your strength (+2).
   Int:       It affects your intelligence (+2).
   rN:        It protects you from negative energy.
   *Rage:     It berserks you when you make melee attacks (+20% chance).
   Will:      It increases your willpower.
Missiles
 s - 2 throwing nets (quivered)
Armour
 a - a +0 cloak (worn)
 b - a +0 scale mail (worn)
 c - a +0 buckler (worn)
 v - a +1 pair of boots (worn)
Jewellery
 o - an amulet of reflection (around neck)
 u - an amulet of the acrobat
Wands
 q - a wand of digging (4)
 t - a wand of polymorph (6)
 y - a wand of flame (13)
Scrolls
 e - 6 scrolls of teleportation
 l - 3 scrolls of noise
 w - a scroll of blinking
 x - 3 scrolls of identify
 z - a scroll of silence {unknown}
Potions
 d - 2 potions of might
 f - 2 potions of brilliance
 g - a potion of degeneration
 h - a potion of flight {unknown}
 i - 2 potions of resistance
 j - 3 potions of attraction
 k - a potion of berserk rage {unknown}
 m - 4 potions of mutation
 n - 3 potions of curing
 p - 4 potions of heal wounds
 A - a potion of invisibility {unknown}


   Skills:
 + Level 6.6 Fighting
 + Level 6.1 Maces & Flails
 + Level 6.7 Armour
 + Level 5.0 Dodging
 + Level 6.8 Shields


You had 7 spell levels left.
You didn't know any spells.
Your spell library contained the following spells:

 Spells                   Type           Power      Damage    Failure   Level
 Sting                    Tmut/Pois      0%         1d3       77%         1
 Summon Small Mammal      Summ           0%         N/A       77%         1
 Ensorcelled Hibernation  Hex/Ice        0%         N/A       88%         2
 Passwall                 Tmut/Erth      0%         N/A       88%         2
 Poisonous Vapours        Pois/Air       0%         N/A       88%         2
 Call Canine Familiar     Summ           0%         N/A       98%         3
 Summon Guardian Golem    Hex/Summ       0%         N/A       98%         3
 Swiftness                Air            0%         N/A       98%         3
 Olgreb's Toxic Radiance  Pois           0%         N/A       100%        4


Dungeon Overview and Level Annotations

Branches:
Dungeon (6/15)              Sewer (visited)
 Temple: D:4-7

Altars:
Dithmenos
Elyvilon
Fedhas
Gozag
Makhleb
Nemelex Xobeh
Qazlal
Vehumet
Yredelemnul
The Shining One

Shops:
D:2 !   D:5 *   D:6 *


Innate Abilities, Weirdness & Mutations

You have a pair of horns on your head.
You reflexively headbutt those who attack you in melee.


Message History

The orc wizard gestures wildly while chanting.
The orc wizard flickers and vanishes!
Deactivating autopickup; reactivate with Ctrl-A.
The orc priest looks braver for a moment.
Your Dodging skill increases to level 5!
You closely miss the orc priest.
You headbutt the orc priest, but do no damage.
The orc priest hits you but does no damage.
The orc priest barely misses you.
You sock the orc priest!
The orc priest is heavily wounded.
The orc priest hits you with a +0 club.
* * * LOW HITPOINT WARNING * * *
You hit the orc priest.
The orc priest is severely wounded.
The orc priest casts a cantrip, but nothing happens.
You block the orc priest's attack.
You barely miss the orc priest.
The orc priest is severely wounded.
You block the orc priest's attack.
The orc priest calls down the wrath of Beogh upon you.
Pain shoots through your body!
* * * LOW HITPOINT WARNING * * *
You sock the orc priest!
You kill the orc priest!
You block the orc's attack.
You hit the orc.
The orc is severely wounded.
The orc hits you but does no damage. The orc closely misses you.
You sock the orc!
You kill the orc!
The orc priest calls down the wrath of Beogh upon you.
Beogh smites you!
* * * LOW HITPOINT WARNING * * *
The orc hits you but does no damage.
You hit the orc.
The orc is heavily wounded.
The orc priest calls down the wrath of Beogh upon you.
Beogh smites you!
You die...

#..........#.# .≈#.≈....##
#.8........#.# .≈≈#≈≈≈.≈♣≈#
#..........#.# .≈...≈..♣≈≈#
#..........#.. .♣....≈≈≈≈.##
#............# .≈.≈≈..≈≈≈♣.#
#.........<..# .≈≈.≈♣≈≈....#
#............#
#≈≈.♣...≈.≈.########......#..#
#..≈....≈.ooo@.....'......##.#
#.≈.♣.≈...o#########......#..#
#.≈≈≈.≈....#.......#......#..#
#..........#.#####.#......#..#
######...#.#.# #.###...##..#
#.###.#.# #.# #.#.....# #.#
#.#.#####.# #.#.....#
#.###.#.#...#.# #.#####.#
###.....#.#.#.#.# #.......#


You could see 2 orc priests and 2 orcs.

Vanquished Creatures
  A water moccasin (D:6)
  An ice beast (D:6)
  2 ogres
  A centaur (D:6)
  2 kobold brigands (Sewer)
  A scorpion (D:5)
  2 necrophages (D:5)
  3 hounds
  6 orc priests
  A jelly (D:5)
  Crazy Yiuf (D:3)
  3 iguanas
  An orc wizard (D:6)
  Natasha (thrice) (D:3)
  A gnoll (D:2)
  11 adders
  A river rat (D:4)
  3 worms
  A dart slug (D:3)
  22 orcs
  10 ball pythons
  9 endoplasms
  6 giant cockroaches
  8 hobgoblins
  3 quokkas
  6 bats
  3 frilled lizards
  10 goblins
  11 kobolds
  7 rats
140 creatures vanquished.

Vanquished Creatures (others)
  14 fungi (D:3)
14 creatures vanquished.

Grand Total: 154 creatures vanquished

Notes
Turn   | Place    | Note
-------+----------+-------------------------------------------
     0 | D:1      | Patoropollo the Minotaur Fighter began the quest for the
                  | Orb.
     0 | D:1      | Reached XP level 1. HP: 19/19 MP: 0/0
   114 | D:1      | Reached XP level 2. HP: 27/27 MP: 1/1
   366 | D:1      | Reached skill level 1 in Dodging
   471 | D:2      | Reached XP level 3. HP: 26/33 MP: 2/2
   864 | D:2      | Found Zenaineh's Distillery.
  1459 | D:2      | Reached XP level 4. HP: 31/40 MP: 3/3
  1803 | D:3      | Found a runed translucent door.
  1806 | D:3      | Noticed Crazy Yiuf
  1823 | D:3      | Identified the +5 hammer of the Twisting Gods {vorpal,
                  | Int+3}
  1826 | D:3      | Identified the +8 hammer of Causality {vorpal, +Blink rN+++
                  | Str-2 Dex-5}
  1828 | D:3      | Identified the +7 hammer "Muray" {antimagic, *Rage rN+
                  | Will+ Str+2 Int+2}
  1832 | D:3      | Identified the +1 hammer of Tifipom {flame, Str+6}
  2184 | D:3      | Killed Crazy Yiuf
  2471 | D:3      | Found a faded altar of an unknown god.
  2472 | D:3      | Noticed Natasha
  2480 | D:3      | Killed Natasha
  2481 | D:3      | Reached XP level 5. HP: 47/47 MP: 1/4
  2612 | D:3      | Found a basalt altar of Yredelemnul.
  2628 | D:3      | Found a sparkling altar of Nemelex Xobeh.
  2761 | D:3      | Found a radiant altar of Vehumet.
  2764 | D:3      | Found a glowing golden altar of the Shining One.
  2772 | D:3      | Found a blossoming altar of Fedhas.
  2881 | D:3      | Noticed Natasha
  2884 | D:3      | Found a burning altar of Makhleb.
  2886 | D:3      | Killed Natasha
  3045 | D:3      | Noticed Natasha
  3049 | D:3      | Killed Natasha
  3082 | D:4      | Found an opulent altar of Gozag.
  3234 | D:4      | Reached XP level 6. HP: 55/55 MP: 1/5
  3289 | D:4      | Reached skill level 5 in Shields
  3353 | D:4      | Found a white marble altar of Elyvilon.
  3464 | D:4      | Reached skill level 5 in Fighting
  3464 | D:4      | Reached skill level 5 in Armour
  3555 | D:4      | Found a glowing drain.
  3574 | Sewer    | Entered a sewer
  3865 | Sewer    | Reached XP level 7. HP: 61/61 MP: 2/6
  4334 | D:5      | Entered Level 5 of the Dungeon
  4540 | D:5      | Reached skill level 5 in Maces & Flails
  4783 | D:5      | Found Doelof's Neck Hole.
  5034 | D:6      | Found Vufohi's Assorted Antiques.
  5098 | D:6      | Reached XP level 8. HP: 70/70 MP: 2/7
  5107 | D:6      | Found a shadowy altar of Dithmenos.
  5440 | D:6      | Found a stormy altar of Qazlal.
  5827 | D:6      | Reached skill level 5 in Dodging
  5834 | D:6      | Killed from afar by an orc priest

Illustrated notes

Levels and vault maps discovered:
D:1:      lightli_arrival_statuegarden, layout_rooms, serial_park_tiny_2
D:2:      layout_loops_corners, serial_shops, shop, minmay_crystal_room,
          minmay_tetromino_i4
D:3:      minmay_recursive_quarters, layout_rooms,
          grunt_temple_overflow_diamond, mainiacjoe_overflow_cross_hatched,
          nicolae_overflow_squiral, hellmonk_ecumenical_altar_run_dry,
          kennysheep_flooded_box, kennysheep_path_1,
          chequers_serial_rivers_micro_b, uniq_natasha, uniq_crazy_yiuf_cottage
D:4:      layout_layer_cave, nicolae_elyvilon_peaceful_grove,
          nicolae_gozag_seed_capital, portal_sewer_entry_b
D:5:      layout_loops_ring, nicolae_shop_sticking_my_neck_out
D:6:      layout_basic, kennysheep_little_box,
          grunt_dithmenos_smoke_and_mirrors, roderic_lattice_a,
          chequers_serial_rivers_marsh, nicolae_stop_n_shop_1

Skill      XL: |  1  2  3  4  5  6  7  8 |
---------------+-------------------------+-----
Dodging        | 1 2 3 4 5 |  5.0
Shields        | 4 5 6 |  6.8
Fighting       | 4 5 6 |  6.6
Armour         | 4 5 6 |  6.7
Maces & Flails | 3 4 5 6 |  6.1

Action                   |  1- 3 |  4- 6 |  7- 9 || total
-------------------------+-------+-------+-------++-------
Melee: Flail             |    92 |    14 |       ||   106
       Headbutt          |     9 |    11 |    13 ||    33
       Mace              |       |   128 |    91 ||   219
  Use: Scroll            |       |     3 |    11 ||    14
Armor: Scale mail        |    43 |    46 |    39 ||   128
Dodge: Dodged            |    35 |    61 |    26 ||   122
Block: Buckler           |    29 |    72 |    33 ||   134
       Reflection        |       |     2 |       ||     2

Table legend: (Time is in decaauts)
 A = Elapsed time spent in this place.
 B = Non-inter-level travel time spent in this place.
 C = Inter-level travel time spent in this place.
 D = Time resting spent in this place.
 E = Time spent auto-exploring this place.
 F = Levels seen in this place.
 G = Mean time per level.
                   A        B        C        D        E       F      G
               +--------+--------+--------+--------+--------+-----+--------+
         Total |   6227 |   5980 |    247 |      0 |   4329 |   7 |  889.6 |
       Dungeon |   5726 |   5479 |    247 |      0 |   4064 |   6 |  954.3 |
         Sewer |    501 |    501 |      0 |      0 |    265 |   1 |  501.0 |
               +--------+--------+--------+--------+--------+-----+--------+

Top non-repeatable levels by time:
     D:3: 1354 daAuts
     D:2: 1334 daAuts
     D:4: 947 daAuts
     D:6: 866 daAuts
     D:5: 762 daAuts
   Sewer: 501 daAuts
     D:1: 461 daAuts
